Map: [G8] Gresvan

Players

Clem - Winner!

  • Race: Terran Terran
  • Spawn Location: 5:00

Spirit

  • Race: Terran Terran
  • Spawn Location: 11:00

Event: Gamers8 2023

VOD

Have the link to the VOD?

Description

Time

  • Played on: Aug. 4, 2023, 2:50 p.m.
  • Length: 8:05

All games in this series

Show
View Real Time Build Order
Export as new Build Order

Clem Terran - Winner!

Build Orders:  

Get SALT Encoding   

  12  0:00  SCV  
  13  0:12  SCV  
  14  0:17  Supply Depot  
  14  0:24  SCV  
  15  0:38  SCV  
  15  0:40  Barracks  
  16  0:43  Refinery  
  16  0:50  SCV  
  17  0:58  Barracks  
  17  1:02  SCV  
  18  1:08  Refinery  
  18  1:14  SCV  
  19  1:27  Orbital Command  
  19  1:29  Reaper  
  20  1:39  Supply Depot  
  20  1:45  Reaper  
  21  1:52  SCV  
  22  2:01  Reaper  
  22  2:05  Factory  
  22  2:07  SCV  
  24  2:17  Reaper  
  24  2:19  SCV  
  26  2:34  Reaper  
  28  2:39  Command Center  
  28  2:49  Reaper, Supply Depot  
  30  2:51  Hellion  
  30  2:59  SCV  
  31  3:11  Reaper  
  31  3:12  SCV  
  35  3:13  Hellion  
  35  3:16  Starport  
  35  3:24  SCV, Barracks Tech Lab  
  36  3:36  SCV  
  37  3:43  Marine  
  37  3:48  SCV  
  39  3:50  Refinery  
  39  3:53  Orbital Command  
  39  3:54  Cyclone  
  42  3:57  Starport Tech Lab  
  42  3:59  Marine  
  42  4:00  Marine  
  42  4:01  SCV  
  45  4:03  Supply Depot  
  45  4:13  SCV  
  45  4:16  Raven  
  48  4:18  Marine x2  
  48  4:19  SCV  
  51  4:26  SCV  
  51  4:28  Siege Tank  
  55  4:32  Supply Depot  
  55  4:34  SCV  
  55  4:38  SCV  
  58  4:46  SCV  
  58  4:51  Raven  
  61  4:53  SCV  
  61  4:55  Command Center  
  61  4:59  Supply Depot  
  61  5:01  SCV  
  61  5:06  Siege Tank  
  63  5:08  Barracks Reactor  
  63  5:10  SCV  
  63  5:17  Marine  
  63  5:18  SCV  
  62  5:23  Supply Depot  
  62  5:26  SCV  
  62  5:27  Barracks  
  63  5:30  SCV  
  63  5:33  Starport Reactor  
  63  5:34  Supply Depot  
  64  5:38  Siege Tank, SCV  
  64  5:42  SCV  
  69  5:44  Marine  
  69  5:45  Marine  
  69  5:49  Marine  
  71  5:50  Refinery, Stimpack  
  71  5:51  SCV  
  71  5:55  SCV  
  74  6:01  Engineering Bay  
  74  6:02  Engineering Bay  
  74  6:03  SCV  
  74  6:04  Marine x2  
  76  6:07  SCV  
  76  6:10  Orbital Command  
  78  6:15  Barracks Reactor  
  78  6:16  Siege Tank  
  78  6:17  Marine  
  82  6:21  Medivac  
  84  6:25  Medivac  
  84  6:27  Supply Depot  
  84  6:28  Marine x2  
  84  6:30  SCV  
  84  6:31  SCV  
  90  6:36  SCV, Supply Depot  
  90  6:38  Marine  
  92  6:42  SCV  
  92  6:46  SCV  
  94  6:47  Marine  
  94  6:48  Marine  
  94  6:49  Orbital Command  
  96  6:54  SCV  
  96  6:55  Marine x2  
  96  6:56  Marine  
  96  6:57  Supply Depot  
  96  6:58  SCV  
  96  7:00  Siege Tank  
  104  7:05  Marine  
  104  7:06  Marine  
  104  7:07  SCV  
  107  7:10  SCV  
  107  7:13  Marine  
  107  7:15  Marine x2, SCV, Supply Depot  
  110  7:19  SCV  
  110  7:22  SCV, Supply Depot  
  114  7:23  Marine  
  114  7:24  Medivac x2  
  114  7:27  Marine  
  120  7:34  SCV x2  
  120  7:35  SCV  
  120  7:36  Barracks  
  120  7:37  Barracks  
  123  7:40  Marine  
  123  7:42  Marine  
  126  7:46  SCV x2  
  126  7:47  Marine, SCV, Supply Depot  
Show
View Real Time Build Order
Export as new Build Order

Spirit Terran 

Build Orders: Reaper Expand 

Get SALT Encoding   

  12  0:00  SCV  
  13  0:12  SCV  
  14  0:17  Supply Depot  
  14  0:24  SCV  
  15  0:38  SCV  
  15  0:40  Barracks  
  16  0:45  Refinery  
  16  0:50  SCV  
  17  1:03  SCV  
  18  1:15  SCV  
  19  1:27  Orbital Command  
  19  1:29  Reaper  
  20  1:40  Command Center  
  20  1:52  SCV  
  20  1:54  Supply Depot  
  21  2:01  Marine  
  21  2:06  Factory  
  21  2:07  SCV  
  23  2:17  Refinery  
  23  2:19  SCV  
  24  2:24  Reaper  
  24  2:25  Bunker  
  25  2:31  SCV  
  26  2:43  SCV  
  25  2:51  Hellion  
  25  2:52  Starport  
  25  2:55  SCV  
  28  3:07  SCV  
  28  3:13  Hellion  
  28  3:19  SCV, Supply Depot  
  31  3:31  Reaper  
  31  3:32  SCV  
  31  3:39  Starport Tech Lab  
  32  3:44  SCV  
  31  3:57  Command Center, SCV  
  31  3:59  Raven  
  31  4:01  Factory Tech Lab  
  33  4:04  Barracks Reactor  
  33  4:09  SCV  
  34  4:19  Supply Depot  
  34  4:21  SCV, Cyclone  
  38  4:28  Command Center  
  38  4:33  SCV  
  39  4:41  Marine, Raven  
  39  4:45  Marine  
  42  4:47  SCV  
  42  4:50  Supply Depot  
  44  5:01  Siege Tank  
  47  5:08  SCV  
  48  5:20  SCV  
  49  5:30  Refinery x2  
  49  5:32  SCV  
  48  5:40  Orbital Command  
  48  5:44  SCV  
  48  5:45  Orbital Command  
  49  5:56  SCV  
  49  5:57  Viking  
  52  6:02  Viking  
  54  6:07  SCV  
  54  6:09  SCV  
  56  6:11  SCV  
  56  6:16  Siege Tank  
  60  6:19  SCV  
  60  6:21  SCV  
  60  6:23  SCV  
  63  6:29  Viking  
  63  6:31  SCV  
  66  6:33  Viking, SCV  
  66  6:36  SCV  
  71  6:43  SCV, Supply Depot  
  71  6:45  SCV  
  71  6:46  Starport  
  72  6:47  Barracks Reactor  
  72  6:48  SCV  
  73  6:55  Siege Tank, SCV  
  73  6:57  SCV  
  73  7:00  SCV  
  79  7:04  Orbital Command  
  79  7:05  Supply Depot  
  79  7:06  Supply Depot  
  79  7:09  SCV  
  79  7:10  Factory  
  79  7:12  SCV  
  79  7:15  Viking  
  83  7:20  Viking  
  83  7:21  SCV  
  86  7:24  SCV  
  86  7:29  SCV  
  88  7:33  SCV  
  88  7:36  SCV  
  92  7:41  SCV  
  91  7:45  SCV  
  91  7:48  SCV  
  95  7:53  SCV  
Tags
 
Add a new tag
Caveats
  • Supply blocks, unpowered buildings, or Contaminate may cause inaccurate times.
  • Supply counts are checked every 10 seconds.